 Dungeon Crawl Stone Soup version 0.23-a0-837-ga3e6480 (webtiles) character file.

400746 Lanoc the Gnoll Cataclysm (level 22, -3/159 HPs)
             Began as a Gnoll Fighter on Jan 24, 2019.
             Was a High Priest of Qazlal.
             Killed from afar by a revenant (20 damage)
             ... with a ghostly fireball
             ... on level 1 of the Depths on Jan 25, 2019.
             The game lasted 03:19:19 (60582 turns).

Lanoc the Gnoll Cataclysm (Gnoll Fighter)          Turns: 60582, Time: 03:19:20

Health: -3/159     AC: 32    Str: 27 (28) XL:     22   Next: 94%
Magic:  36/36      EV: 21    Int:  9 (10) God:    Qazlal [*****.]
Gold:   1966       SH: 26    Dex: 23      Spells: 20/50 levels left

rFire    + + .     SeeInvis +   Q - +12 lance "Wyrmbane" {slay drac, rPois rF+ rC+ AC+3}
rCold    + + .     Gourm    .   O - +0 shield {reflect}
rNeg     . . .     Faith    .   x - +1 shadow dragon scales of Starshine {rF+ Stlth++++} (curse)
rPois    +         Spirit   .   j - +3 hat "Wiptom" {Dex+5}
rElec    +         Reflect  +   l - +0 cloak
rCorr    .         Harm     .   g - +2 pair of gloves {Dex+3}
MR       +....     Clarity  +   (no boots) Stlth ++........Rnd*Tele +
                                q - +3 amulet of reflection
HPRegen  0.00/turn              X - ring "Uhuh" {EV+2 SInv}
MPRegen  0.25/turn              B - ring "Wefres" {Str+3 Slay+3}

@: protected from physical damage, very slightly contaminated, studying Ice
Magic, drained, repel missiles
A: distributed training, fangs 1, hooves 1, clarity, cold resistance 1,
deterioration 1, dopey 2, frail 1, low mp 1, shaggy fur 1, electricity
resistance, inhibited regeneration, teleportitis 1, subdued magic 1, strong nose
}: 3/15 runes: serpentine, barnacled, slimy
a: Upheaval, Elemental Force, Disaster Area, Renounce Religion


You were on level 1 of the Depths.
You worshipped Qazlal.
Qazlal was extremely pleased with you.
You were not hungry.

You visited 9 branches of the dungeon, and saw 42 of its levels.
You also visited: Ice Cave.

You collected 3935 gold pieces.
You spent 1969 gold pieces at shops.

Inventory:

Hand Weapons
 n - the +11 broad axe "Killer Klown's Curse" {flame, rC+ MR+ Str+2 Int-5}
   (You bought it in a shop on level 2 of the Orcish Mines)

   It has been specially enchanted to burn those struck by it, causing extra
   injury to most foes and up to half again as much damage against particularly
   susceptible opponents.
   Big, fiery blades are also staple armaments of hydra-hunters.
   It affects your strength (+2).
   It affects your intelligence (-5).
   It protects you from cold.
   It affects your resistance to hostile enchantments.
 t - the +8 arbalest of Valuable Assets {penet, +Blink Str+2 Dex-2}
   (You found it on level 2 of the Vaults)

   Ammo fired by it will pass through the targets it hits, potentially hitting
   all targets in its path until it reaches maximum range.
   It affects your strength (+2).
   It affects your dexterity (-2).
   It lets you blink.
 Q - the +12 lance "Wyrmbane" (weapon) {slay drac, rPois rF+ rC+ AC+3}
   (You found it on level 4 of the Shoals)

   It affects your AC (+3).
   It protects you from fire.
   It protects you from cold.
   It protects you from poison.
Missiles
 d - 980 arrows
 h - 1383 bolts
Armour
 g - a +2 pair of gloves of dexterity (worn)
 j - the +3 hat "Wiptom" (worn) {Dex+5}
   (You found it on level 5 of the Pits of Slime)

   It affects your dexterity (+5).
 l - a +0 cloak (worn)
 x - the cursed +1 shadow dragon scales of Starshine (worn) {rF+ Stlth++++}
   (You found it on level 5 of the Pits of Slime)

   It protects you from fire.
   It makes you much more stealthy.
   It has a curse placed upon it.
 O - a +0 shield of reflection (worn)
Jewellery
 q - a +3 amulet of reflection (around neck)
 r - an uncursed ring of flight
 s - an uncursed ring of resist corrosion
 B - the ring "Wefres" (right hand) {Str+3 Slay+3}
   (You found it on level 4 of the Vaults)

   [ring of slaying]

   It affects your strength (+3).
   It affects your accuracy and damage with ranged weapons and melee attacks
   (+3).
 M - the ring of Morality {rElec rPois}
   (You took it off a nagaraja on level 4 of the Snake Pit)

   [ring of poison resistance]

   It insulates you from electricity.
   It protects you from poison.
 X - the ring "Uhuh" (left hand) {EV+2 SInv}
   (You found it on level 6 of the Lair of Beasts)

   [ring of evasion]

   It affects your evasion (+2).
   It lets you see invisible.
 Z - an uncursed ring of positive energy
Wands
 k - a wand of acid (14)
 o - a wand of clouds (2)
 y - a wand of iceblast (64)
 C - a wand of enslavement (6)
 F - a wand of digging (13)
 Y - a wand of paralysis (30)
Scrolls
 a - 12 scrolls of magic mapping
 c - 14 scrolls of identify
 e - 7 scrolls of teleportation
 m - 7 scrolls of enchant weapon
 p - 4 scrolls of fear
 u - 11 scrolls of remove curse
 D - 3 scrolls of fog
 E - 5 scrolls of enchant armour
 G - 3 scrolls of amnesia
 I - a scroll of summoning
 L - 2 scrolls of holy word
 S - 2 scrolls of blinking
Potions
 i - 10 potions of magic
 w - a potion of agility
 z - 5 potions of cancellation
 A - 4 potions of brilliance
 H - 8 potions of might
 N - 5 potions of resistance
 T - 2 potions of invisibility
 V - a potion of haste
 W - a potion of curing
Books
 J - a manual of Ice Magic
 P - a manual of Ice Magic
Miscellaneous
 v - 2 sacks of spiders
 R - 3 boxes of beasts
 U - a lightning rod (4/4)
Comestibles
 f - 57 rations


   Skills:
 + Level 15.7(14.2) Fighting
 + Level 14.6(13.1) Short Blades
 + Level 15.2(13.7) Long Blades
 + Level 14.6(13.1) Axes
 + Level 14.6(13.1) Maces & Flails
 + Level 14.6(13.1) Polearms
 + Level 14.6(13.1) Staves
 + Level 14.6(13.1) Slings
 + Level 14.6(13.1) Bows
 + Level 14.6(13.1) Crossbows
 + Level 14.6(13.1) Throwing
 + Level 15.7(14.2) Armour
 + Level 14.6(13.1) Dodging
 + Level 14.6(13.1) Stealth
 + Level 15.7(14.2) Shields
 + Level 14.6(13.1) Unarmed Combat
 + Level 14.6(13.1) Spellcasting
 + Level 12.6(11.2) Conjurations
 + Level 12.6(11.2) Hexes
 + Level 12.6(11.2) Charms
 + Level 12.6(11.2) Summonings
 + Level 12.6(11.2) Necromancy
 + Level 12.6(11.2) Translocations
 + Level 12.6(11.2) Transmutations
 + Level 12.6(11.2) Fire Magic
 + Level 15.7(14.2) Ice Magic
 + Level 12.6(11.2) Air Magic
 + Level 12.6(11.2) Earth Magic
 + Level 12.6(11.2) Poison Magic
 + Level 15.8(14.2) Invocations
 + Level 14.6(13.1) Evocations


You had 20 spell levels left.
You knew the following spells:

 Your Spells              Type           Power        Failure   Level  Hunger
a - Apportation           Tloc           ###...       1%          1    None
b - Ensorcelled Hibernat  Hex/Ice        ###...       1%          2    None
c - Tukima's Dance        Hex            ###.....     1%          3    ##.....
d - Summon Butterflies    Summ           ###.....     1%          1    None
e - Static Discharge      Conj/Air       ###.....     1%          3    ##.....
f - Airstrike             Air            ###.......   3%          4    ####...
g - Bolt of Magma         Conj/Fire/Erth ###.......   10%         5    #####..
h - Fireball              Conj/Fire      ###.......   10%         5    #####..
i - Freezing Cloud        Conj/Ice/Air   ###.......   36%         6    #######

Your spell library contained the following spells:

 Spells                   Type           Power        Failure   Level  Hunger
 Animate Skeleton         Necr           N/A          1%          1    None
 Beastly Appendage        Tmut           ###...       1%          1    None
 Confusing Touch          Hex            ###...       1%          1    None
 Corona                   Hex            ###....      1%          1    None
 Flame Tongue             Conj/Fire      ###..        1%          1    None
 Shock                    Conj/Air       ###.         1%          1    None
 Sting                    Conj/Pois      ###.         1%          1    None
 Summon Small Mammal      Summ           ###.         1%          1    None
 Blink                    Tloc           N/A          1%          2    None
 Corpse Rot               Necr           N/A          1%          2    None
 Poisonous Vapours        Pois/Air       ###...       1%          2    None
 Shroud of Golubria       Chrm/Tloc      ###.......   1%          2    None
 Sticks to Snakes         Tmut           ###.....     1%          2    None
 Sublimation of Blood     Necr           ###.......   1%          2    None
 Swiftness                Chrm/Air       ###.....     1%          2    None
 Call Canine Familiar     Summ           ###.....     1%          3    ##.....
 Confuse                  Hex            ###.....     1%          3    ##.....
 Dazzling Spray           Conj/Hex       ###...       1%          3    ##.....
 Gell's Gravitas          Tloc           ###.......   1%          3    ##.....
 Inner Flame              Hex/Fire       ###.....     1%          3    ##.....
 Lesser Beckoning         Tloc           ###.......   1%          3    ##.....
 Mephitic Cloud           Conj/Pois/Air  ###.....     1%          3    ##.....
 Spider Form              Tmut/Pois      ###.......   1%          3    ##.....
 Stone Arrow              Conj/Erth      ###...       1%          3    ##.....
 Teleport Other           Tloc           ###.....     1%          3    ##.....
 Ice Form                 Ice/Tmut       ###.....     1%          4    ####...
 Cause Fear               Hex            ###.......   3%          4    ####...
 Leda's Liquefaction      Hex/Erth       ###.......   3%          4    ####...
 Olgreb's Toxic Radiance  Pois           ###.....     3%          4    ####...
 Passage of Golubria      Tloc           N/A          3%          4    ####...
 Petrify                  Tmut/Erth      ###.....     3%          4    ####...
 Metabolic Englaciation   Hex/Ice        ###.......   4%          5    #####..
 Agony                    Necr           ###.....     10%         5    #####..
 Alistair's Intoxication  Tmut/Pois      ###.....     10%         5    #####..
 Blade Hands              Tmut           ###.......   10%         5    #####..
 Bolt of Draining         Conj/Necr      ###.......   10%         5    #####..
 Borgnjor's Vile Clutch   Necr/Erth      ###.......   10%         5    #####..
 Dispel Undead            Necr           ###.....     10%         5    #####..
 Excruciating Wounds      Chrm/Necr      ###.......   10%         5    #####..
 Iskenderun's Battlesphe  Conj/Chrm      ###.....     10%         5    #####..
 Lightning Bolt           Conj/Air       ###.......   10%         5    #####..
 Silence                  Hex/Air        ###.......   10%         5    #####..
 Summon Demon             Summ           ###.......   10%         5    #####..
 Summon Forest            Summ/Tloc      ###.......   10%         5    #####..
 Venom Bolt               Conj/Pois      ###.......   10%         5    #####..
 Yara's Violent Unravell  Hex/Tmut       ###.......   10%         5    #####..
 Ozocubu's Refrigeration  Ice            ###.......   16%         6    #######
 Bolt of Cold             Conj/Ice       ###.......   30%         6    #######
 Simulacrum               Ice/Necr       ###.......   30%         6    #######
 Darkness                 Hex            ###.......   50%         6    #######
 Deflect Missiles         Chrm/Air       ###.......   50%         6    #######
 Hydra Form               Tmut           ###.......   50%         6    #######
 Invisibility             Hex            ###.....     50%         6    #######
 Iron Shot                Conj/Erth      ###.......   50%         6    #######
 Shadow Creatures         Summ           N/A          50%         6    #######
 Orb of Destruction       Conj           ###.......   98%         7    #######
 Spellforged Servitor     Conj/Summ      ###.......   98%         7    #######
 Summon Hydra             Summ           ###.......   98%         7    #######
 Discord                  Hex            ###.......   100%        8    #######


Dungeon Overview and Level Annotations

Branches:
Dungeon (15/15)            Temple (1/1) D:4            Lair (6/6) D:8
 Shoals (4/4) Lair:2        Snake (4/4) Lair:2        Slime (5/5) Lair:6
    Orc (2/2) D:10            Elf (0/3) Orc:2        Vaults (4/5) D:13
  Crypt (0/3) Vaults:3     Depths (1/5) D:15

Altars:
Ashenzari
Cheibriados
Dithmenos
Elyvilon
Fedhas
Gozag
Hepliaklqana
Kikubaaqudgha
Makhleb
Nemelex Xobeh
Okawaru
Qazlal
Ru
Sif Muna
Trog
Uskayaw
Vehumet
Wu Jian
Xom
Yredelemnul
Zin
The Shining One
Beogh

Shops:
D:4 *   D:5 :   D:7 *   D:14 :(***(   Orc:2 %(:[(*=(   Shoals:4 }   Snake:4 =}=
Vaults:1 *   Vaults:2 %

Annotations:
D:2 1 runed door
D:3 3 runed doors, Deportee's ghost, weakling FeTm
D:4 1 runed door, Setanta's ghost, amateur CeHu
Lair:2 exclusion: 2 oklob plants
Shoals:4 1 runed door


Innate Abilities, Weirdness & Mutations

Your experience applies equally to all skills.
You have very sharp teeth.
Your uncanny sense of smell can sniff out nearby items.
You have large cloven feet.
You possess an exceptional clarity of mind.
Your flesh is cold resistant. (rC+)
Your body sometimes deteriorates upon taking damage.
You are very dopey. (Int -4)
You are frail. (-10% HP)
Your magical capacity is low. (-10% MP)
You are covered in fur. (AC +1)
You are resistant to electric shocks. (rElec)
You do not regenerate when monsters are visible.
You are occasionally teleported next to monsters.
Your spells are a little easier to cast, but a little less powerful.


Message History

You feel less confused. You block the revenant's attack.
A fire giant zombie comes into view.
You impale the revenant!! You kick the revenant.
The revenant is moderately damaged.
You hit the revenant.
You kick the revenant, but do no damage.
The revenant is moderately damaged.
The revenant lashes out with ghostly flames.
The ghostly flame explodes!
You feel drained. The ghostly fireball engulfs you!!
* * * LOW HITPOINT WARNING * * *
The ghostly fireball engulfs the revenant.
The revenant completely resists.
You feel better. The revenant barely misses you.
You feel better.
The revenant lashes out with ghostly flames.
The ghostly flame explodes!
You feel drained. The ghostly fireball engulfs you!!
You die...

.................#
..........)......#
.................#
...###Z..#########
...# #...# ...#
#.Z.# ...# #...#
.[.# #..Z#########
...# #....ZZZZZL@#
#### #############


You could see a revenant, a spriggan air mage zombie, a yaktaur captain zombie,
a fire giant zombie, an iron dragon skeleton and a deep troll shaman skeleton.

Vanquished Creatures
  Nikola (Shoals:3)
  Rupert (D:15)
  A tentacled monstrosity (Vaults:2)
  A titan (Shoals:3)
  A kraken (Shoals:2)
  28 acid blobs
  Agnes (Snake:3)
  Kirke (Lair:4)
  A sphinx (Vaults:1)
  9 nagarajas
  An orc warlord (Orc:1)
  13 azure jellies
  2 frost giants (Shoals:3)
  A ghoul (Vaults:3)
  6 vault wardens
  6 ironheart preservers
  8 stone giants
  2 vampire knights (Depths:1)
  9 very ugly things
  A deep elf demonologist (Vaults:1)
  6 dire elephants (Lair:6)
  A deep elf annihilator (Vaults:1)
  4 merfolk javelineers (Shoals:4)
  Snorg (Lair:3)
  A deep elf death mage (Vaults:1)
  4 ettins
  2 death oozes
  2 jiangshi (Depths:1)
  8 merfolk impalers
  5 yaktaur captains
  10 great orbs of eyes
  5 fire dragons
  Erolcha (D:9)
  8 hydras
  14 naga warriors
  A rakshasa (Vaults:1)
  5 vault guards
  4 ice dragons
  Harold (D:10)
  3 merfolk avatars
  28 two-headed ogres
  2 catoblepae
  4 death knights
  13 anacondas
  2 alligator snapping turtles
  8 ogre magi
  4 centaur warriors
  2 satyrs
  5 merfolk aquamancers
  3 deep troll shamans
  3 death yaks (Lair:6)
  7 tengu warriors
  An orc high priest (Orc:1)
  7 shock serpents
  A deep elf knight (Vaults:1)
  Urug (D:10)
  12 naga sharpshooters
  Nergalle (Orc:1)
  A fire crab (D:13)
  5 hell knights (D:15)
  A salamander mystic (Snake:4)
  An iron troll (D:15)
  5 skeletal warriors (D:15)
  4 flayed ghosts
  18 sea snakes
  An unseen horror (D:11)
  9 deep trolls
  A wizard (Vaults:2)
  6 naga ritualists
  A deep elf archer (Vaults:1)
  A sphinx zombie (Depths:1)
  10 ironbrand convokers
  20 harpies
  5 necromancers
  3 deep elf magi
  A phantasmal warrior (D:15)
  42 ugly things
  9 orc knights
  3 orc sorcerers
  6 mana vipers
  6 fauns
  A sphinx skeleton (Vaults:1)
  8 shining eyes
  6 salamanders
  A fire giant zombie (Vaults:4)
  An oklob plant (Lair:6)
  15 cyclopes
  15 manticores
  2 guardian serpents
  A frost giant skeleton (Depths:1)
  6 merfolk sirens
  11 vault sentinels
  23 black mambas
  An ice statue (IceCv)
  6 water nymphs
  6 eyes of devastation
  4 elephants (Lair:6)
  24 naga magi
  4 gargoyles
  8 spiny frogs
  A rime drake (Lair:4)
  A kobold demonologist (D:13)
  8 komodo dragons
  26 yaktaurs
  19 freezing wraiths
  26 merfolk
  2 tengu conjurers (D:14)
  2 polar bears (Lair:6)
  A meliai (shapeshifter) (D:12)
  2 wind drakes
  A wolf spider simulacrum (Vaults:1)
  11 trolls
  4 hornets
  8 snapping turtles
  14 dream sheep
  116 slime creatures
  12 hippogriffs
  An ettin zombie (Vaults:4)
  A spriggan zombie (Depths:1)
  A deep troll zombie (Depths:1)
  12 blink frogs
  A meliai zombie (D:13)
  A spriggan skeleton (Depths:1)
  A vampire (D:10)
  6 water elementals
  A shadow (D:13)
  A spriggan (D:7)
  4 wyverns
  A human (shapeshifter) (Vaults:2)
  9 humans (D:13)
  A basilisk (shapeshifter) (Vaults:2)
  10 basilisks
  14 golden eyes
  6 hogs (Lair:4)
  A wraith (Vaults:3)
  60 yaks
  5 hungry ghosts
  A death yak simulacrum (IceCv)
  A vampire mosquito (D:13)
  4 wargs
  Menkaure (D:4)
  Edmund (D:4)
  A soldier ant (shapeshifter) (D:14)
  12 water moccasins
  A soldier ant (D:14)
  42 nagas
  3 acid dragons
  8 porcupines
  A floating eye (Slime:5)
  A human skeleton (Vaults:1)
  10 eyes of draining
  2 black bears
  36 orc warriors
  4 sky beasts
  A hornet zombie (D:8)
  16 ice beasts
  2 phantoms
  A slave (D:4)
  38 ogres
  A necrophage (D:6)
  3 wolves (Lair:4)
  3 crocodiles
  6 centaurs
  A big kobold (D:9)
  17 bullfrogs
  A wyvern zombie (D:14)
  A deep troll simulacrum (Vaults:4)
  A wyvern skeleton (D:10)
  10 scorpions
  2 elephant simulacra (IceCv)
  19 killer bees
  34 wights
  An electric eel (Lair:2)
  8 crimson imps
  2 centaur zombies
  4 howler monkeys
  3 draconian simulacra (IceCv)
  5 human zombies
  2 quasits
  3 hounds
  2 centaur skeletons
  23 orc priests
  3 bullfrog skeletons
  14 jellies
  2 gnoll shamans (D:5)
  3 iguanas
  34 orc wizards
  7 hell rats (Lair:6)
  2 spriggan simulacra (IceCv)
  A polar bear simulacrum (IceCv)
  10 worker ants
  6 troll simulacra (IceCv)
  A killer bee zombie (D:7)
  4 centaur simulacra (IceCv)
  A hound zombie (D:11)
  2 hound skeletons
  A worker ant zombie (D:11)
  34 gnolls
  A howler monkey skeleton (D:9)
  A naga simulacrum (IceCv)
  9 adders
  4 ogre simulacra (IceCv)
  6 shadow imps
  12 white imps (IceCv)
  An ooze (D:3)
  3 dart slugs
  3 leopard geckos
  106 orcs
  5 giant cockroaches
  13 goblins
  4 hobgoblins
  30 jackals
  9 kobolds
  5 quokkas
  A ball python (D:5)
  3 bats
  A frilled lizard (D:2)
  A jackal skeleton (D:7)
  A leopard gecko zombie (D:5)
  7 rats
  A butterfly (Lair:3)
  12 plants
  4 tentacles (Shoals:2)
  A withered plant (Shoals:2)
1685 creatures vanquished.

Vanquished Creatures (collateral kills)
  the Royal Jelly (Slime:5)
  Asterion (Snake:3)
  3 acid blobs (Slime:5)
  6 azure jellies (Slime:5)
  2 death oozes (Slime:5)
  2 merfolk avatars (Shoals:3)
15 creatures vanquished.

Vanquished Creatures (others)
  Vashnia (Snake:2)
  A nagaraja (Snake:4)
  2 stone giants
  2 yaktaur captains (Vaults:3)
  An ogre mage (D:13)
  4 centaur warriors
  3 satyrs
  2 naga sharpshooters
  A deep elf archer (D:15)
  3 manticores
  6 cyclopes
  4 fauns
  A freezing wraith (Vaults:3)
  17 yaktaurs
  A human (D:13)
  2 nagas (Snake:4)
  6 centaurs
  5 fungi
  13 plants
  7 tentacles (Shoals:2)
82 creatures vanquished.

Grand Total: 1782 creatures vanquished

Notes
Turn   | Place    | Note
-------+----------+-------------------------------------------
     0 | D:1      | Lanoc the Gnoll Fighter began the quest for the Orb.
     0 | D:1      | Reached XP level 1. HP: 23/23 MP: 1/1
   165 | D:1      | Reached XP level 2. HP: 26/29 MP: 2/2
  1215 | D:2      | Reached XP level 3. HP: 33/35 MP: 3/3
  1377 | D:2      | Found a runed door.
  1377 | D:2      | Noticed a human
  1381 | D:2      | Found a basalt altar of Yredelemnul.
  1406 | D:2      | Reached skill level 1 in Short Blades
  1406 | D:2      | Reached skill level 1 in Axes
  1406 | D:2      | Reached skill level 1 in Maces & Flails
  1406 | D:2      | Reached skill level 1 in Polearms
  1406 | D:2      | Reached skill level 1 in Staves
  1406 | D:2      | Reached skill level 1 in Slings
  1406 | D:2      | Reached skill level 1 in Bows
  1406 | D:2      | Reached skill level 1 in Crossbows
  1406 | D:2      | Reached skill level 1 in Throwing
  1406 | D:2      | Reached skill level 1 in Dodging
  1406 | D:2      | Reached skill level 1 in Stealth
  1406 | D:2      | Reached skill level 1 in Unarmed Combat
  1406 | D:2      | Reached skill level 1 in Spellcasting
  1406 | D:2      | Reached skill level 1 in Invocations
  1406 | D:2      | Reached skill level 1 in Evocations
  1406 | D:2      | Reached XP level 4. HP: 29/41 MP: 3/5
  1420 | D:2      | Reached skill level 1 in Conjurations
  1420 | D:2      | Reached skill level 1 in Hexes
  1420 | D:2      | Reached skill level 1 in Charms
  1420 | D:2      | Reached skill level 1 in Summonings
  1420 | D:2      | Reached skill level 1 in Necromancy
  1420 | D:2      | Reached skill level 1 in Translocations
  1420 | D:2      | Reached skill level 1 in Transmutations
  1420 | D:2      | Reached skill level 1 in Fire Magic
  1420 | D:2      | Reached skill level 1 in Ice Magic
  1420 | D:2      | Reached skill level 1 in Air Magic
  1420 | D:2      | Reached skill level 1 in Earth Magic
  1420 | D:2      | Reached skill level 1 in Poison Magic
  1643 | D:2      | Reached XP level 5. HP: 43/47 MP: 6/6
  1972 | D:3      | Found a runed gate.
  1972 | D:3      | Found a runed gate.
  1972 | D:3      | Found a runed gate.
  2005 | D:3      | Noticed a sky beast
  2028 | D:3      | Killed a sky beast
  2094 | D:3      | Reached XP level 6. HP: 50/53 MP: 8/8
  2638 | D:3      | Noticed Deportee's ghost (weakling FeTm)
  2998 | D:3      | Found an opulent altar of Gozag.
  3124 | D:4      | Reached skill level 5 in Long Blades
  3439 | D:4      | Found a sparkling altar of Nemelex Xobeh.
  3580 | D:4      | Noticed Menkaure
  3662 | D:4      | Found a shattered altar of Ashenzari.
  3697 | D:4      | Reached XP level 7. HP: 58/59 MP: 10/10
  3823 | D:4      | Found a runed door.
  3823 | D:4      | Noticed Setanta's ghost (amateur CeHu)
  3839 | D:4      | Found a bloodstained altar of Trog.
  3842 | D:4      | Found a stormy altar of Qazlal.
  3866 | D:4      | Became a worshipper of Qazlal Stormbringer
  4071 | D:4      | Noticed Edmund
  4077 | D:4      | Gained mutation: Your movements are slightly less
                  | encumbered by armour. (ER -2) [potion of mutation]
  4077 | D:4      | Gained mutation: You are partially covered in thin metallic
                  | scales. (AC +2) [potion of mutation]
  4077 | D:4      | Gained mutation: You do not regenerate when monsters are
                  | visible. [potion of mutation]
  4077 | D:4      | Gained mutation: You are robust. (+10% HP) [potion of
                  | mutation]
  4185 | D:4      | Killed Edmund
  4231 | D:4      | Reached XP level 8. HP: 35/73 MP: 12/12
  4422 | D:4      | Killed Menkaure
  4444 | D:4      | Found Agityuf's General Store.
  4614 | D:4      | Found a staircase to the Ecumenical Temple.
  4623 | Temple   | Entered the Ecumenical Temple
  4884 | D:5      | Entered Level 5 of the Dungeon
  5236 | D:5      | Found Kaucubb's Book Shoppe.
  5544 | D:5      | Reached * piety under Qazlal
  5833 | D:5      | Reached XP level 9. HP: 41/79 MP: 14/14
  6314 | D:5      | Reached ** piety under Qazlal
  7098 | D:6      | Found a glowing silver altar of Zin.
  7211 | D:7      | Reached skill level 5 in Invocations
  7415 | D:7      | Found Qugorph's Assorted Antiques.
  7436 | D:7      | Bought a bubbling amethyst potion for 27 gold pieces
  7436 | D:7      | Bought a scroll labeled QAORHAKHONEZI for 31 gold pieces
  7436 | D:7      | Bought a scroll of identify for 62 gold pieces
  7436 | D:7      | Bought a scroll of identify for 62 gold pieces
  7658 | D:7      | Reached XP level 10. HP: 86/88 MP: 17/17
  7926 | D:7      | Found a deep blue altar of Sif Muna.
  8144 | D:8      | Reached skill level 5 in Short Blades
  8144 | D:8      | Reached skill level 5 in Axes
  8144 | D:8      | Reached skill level 5 in Maces & Flails
  8144 | D:8      | Reached skill level 5 in Polearms
  8144 | D:8      | Reached skill level 5 in Staves
  8144 | D:8      | Reached skill level 5 in Slings
  8144 | D:8      | Reached skill level 5 in Bows
  8144 | D:8      | Reached skill level 5 in Crossbows
  8144 | D:8      | Reached skill level 5 in Throwing
  8144 | D:8      | Reached skill level 5 in Dodging
  8144 | D:8      | Reached skill level 5 in Stealth
  8144 | D:8      | Reached skill level 5 in Unarmed Combat
  8144 | D:8      | Reached skill level 5 in Spellcasting
  8144 | D:8      | Reached skill level 5 in Evocations
  8320 | D:8      | Reached *** piety under Qazlal
  8411 | D:8      | HP: 1/90 [orc priest/divine providence (16)]
  9287 | D:8      | Found a staircase to the Lair.
  9789 | D:9      | Noticed Erolcha
  9812 | D:9      | Killed Erolcha
 10262 | D:9      | Reached **** piety under Qazlal
 10356 | D:9      | Reached XP level 11. HP: 95/95 MP: 19/19
 10745 | D:10     | Entered Level 10 of the Dungeon
 10953 | D:9      | HP: 2/97 [troll (12)]
 11212 | D:9      | Reached skill level 5 in Conjurations
 11212 | D:9      | Reached skill level 5 in Hexes
 11212 | D:9      | Reached skill level 5 in Charms
 11212 | D:9      | Reached skill level 5 in Summonings
 11212 | D:9      | Reached skill level 5 in Necromancy
 11212 | D:9      | Reached skill level 5 in Translocations
 11212 | D:9      | Reached skill level 5 in Transmutations
 11212 | D:9      | Reached skill level 5 in Fire Magic
 11212 | D:9      | Reached skill level 5 in Ice Magic
 11212 | D:9      | Reached skill level 5 in Air Magic
 11212 | D:9      | Reached skill level 5 in Earth Magic
 11212 | D:9      | Reached skill level 5 in Poison Magic
 12539 | D:10     | Reached ***** piety under Qazlal
 12696 | D:10     | Found a staircase to the Orcish Mines.
 12788 | D:11     | Noticed a cyclops
 12941 | D:11     | Killed an unseen horror
 12943 | D:11     | Noticed Harold
 13258 | D:10     | Killed Harold
 13865 | D:11     | Killed a cyclops
 13865 | D:11     | Reached XP level 12. HP: 98/105 MP: 22/22
 15073 | D:12     | Paralysed by a hornet for 1 turns
 15089 | D:12     | Paralysed by a hornet for 3 turns
 15858 | D:13     | Noticed an eight-headed hydra
 15862 | D:13     | Noticed an ogre mage
 15925 | Orc:1    | Entered Level 1 of the Orcish Mines
 15932 | Orc:1    | Noticed Urug
 16481 | D:10     | Killed Urug
 16825 | Orc:2    | Entered Level 2 of the Orcish Mines
 17072 | Orc:2    | Noticed an ettin
 17193 | Orc:1    | Killed an ettin
 17193 | Orc:1    | Reached skill level 10 in Fighting
 17193 | Orc:1    | Reached skill level 10 in Armour
 17193 | Orc:1    | Reached skill level 10 in Shields
 17709 | Orc:2    | Noticed an orc high priest
 17710 | Orc:2    | Noticed Nergalle
 17710 | Orc:2    | Noticed an orc warlord
 17716 | Orc:2    | Noticed a soul eater
 17947 | Orc:1    | Killed an orc warlord
 18053 | Orc:1    | Reached XP level 13. HP: 75/113 MP: 24/24
 18321 | Orc:1    | Killed Nergalle
 19564 | Orc:2    | Found Qid Usad's Antique Weapon Boutique.
 19590 | Orc:2    | Found a roughly hewn altar of Beogh.
 20130 | Orc:2    | Found Qayta's Antique Armour Emporium.
 20149 | Orc:2    | Found a staircase to the Elven Halls.
 20220 | Orc:2    | Found Judomp's General Store.
 20257 | Orc:2    | Found Ynus's Jewellery Emporium.
 20272 | Orc:2    | Found Xiarau's Antique Weapon Emporium.
 20337 | Orc:2    | Found Oxzinn's Book Boutique.
 20387 | Orc:2    | Found Keziogei's Food Shop.
 20387 | Orc:2    | Found Eshrifut's Antique Weapon Emporium.
 20399 | Orc:2    | Bought a polished broad axe for 225 gold pieces
 20400 | Orc:2    | Identified the +11 broad axe "Killer Klown's Curse" {flame,
                  | rC+ MR+ Str+2 Int-5} (You bought it in a shop on level 2 of
                  | the Orcish Mines)
 20646 | Lair:1   | Entered Level 1 of the Lair of Beasts
 21242 | Lair:1   | You fall through a shaft!
 21495 | Lair:2   | Found a staircase to the Shoals.
 21793 | Lair:2   | Reached ****** piety under Qazlal
 21821 | Lair:2   | Found a staircase to the Snake Pit.
 21871 | Lair:2   | Found a shadowy altar of Dithmenos.
 22415 | Lair:3   | Found a frozen archway.
 22448 | Lair:3   | Noticed Snorg
 22461 | Lair:3   | Killed Snorg
 22495 | IceCv    | Entered an ice cave
 22767 | IceCv    | Reached XP level 14. HP: 105/122 MP: 23/26
 22850 | IceCv    | Found an ancient bone altar of Kikubaaqudgha.
 23735 | Lair:4   | Identified Pigeom's Almanac of Creative Flames (You
                  | acquired it on level 4 of the Lair of Beasts)
 23850 | Lair:4   | Reached skill level 10 in Long Blades
 24099 | Lair:4   | Noticed Kirke
 24112 | Lair:4   | Killed Kirke
 25011 | Lair:5   | Got a jewelled morningstar
 25012 | Lair:5   | Identified the +2 morningstar "Vunk" {holy, Fragile MR+++
                  | Dex+3 SInv} (You found it on level 5 of the Lair of Beasts)
 25491 | Lair:6   | Entered Level 6 of the Lair of Beasts
 25503 | Lair:6   | Reached skill level 10 in Invocations
 25879 | Lair:6   | Found a staircase to the Slime Pits.
 26381 | Lair:6   | Noticed a dire elephant
 26381 | Lair:6   | Noticed a dire elephant
 26394 | Lair:6   | Killed a dire elephant
 26395 | Lair:6   | Killed a dire elephant
 26395 | Lair:6   | Reached XP level 15. HP: 86/130 MP: 20/28
 26413 | Lair:6   | Got a fine wooden ring
 26421 | Lair:6   | Identified the ring "Uhuh" {EV+2 SInv} (You found it on
                  | level 6 of the Lair of Beasts)
 26608 | Lair:6   | Learned a level 5 spell: Bolt of Magma
 26899 | Lair:6   | Learned a level 1 spell: Apportation
 28016 | D:13     | Found a gate to the Vaults.
 28186 | D:14     | Found Qotrak's General Store.
 28196 | D:14     | Reached skill level 10 in Short Blades
 28196 | D:14     | Reached skill level 10 in Axes
 28196 | D:14     | Reached skill level 10 in Maces & Flails
 28196 | D:14     | Reached skill level 10 in Polearms
 28196 | D:14     | Reached skill level 10 in Staves
 28196 | D:14     | Reached skill level 10 in Slings
 28196 | D:14     | Reached skill level 10 in Bows
 28196 | D:14     | Reached skill level 10 in Crossbows
 28196 | D:14     | Reached skill level 10 in Throwing
 28196 | D:14     | Reached skill level 10 in Dodging
 28196 | D:14     | Reached skill level 10 in Stealth
 28196 | D:14     | Reached skill level 10 in Unarmed Combat
 28196 | D:14     | Reached skill level 10 in Spellcasting
 28196 | D:14     | Reached skill level 10 in Evocations
 28273 | D:14     | Found Femank's Pet Rocks.
 28317 | D:14     | Found Lydas's Antique Weapon Emporium.
 28505 | D:14     | Found Sioragh's Assorted Antiques.
 28522 | D:14     | Bought a scroll of teleportation for 102 gold pieces
 28522 | D:14     | Bought 2 potions of heal wounds for 340 gold pieces
 28522 | D:14     | Bought a scorched plate armour for 952 gold pieces
 28534 | D:14     | Identified the cursed +0 plate armour "Kanamnij" {rElec}
                  | (You bought it in a shop on level 14 of the Dungeon)
 29069 | D:14     | Found Hiexut's Book Shoppe.
 29103 | D:14     | Found Gepsith's Antique Weapon Shoppe.
 29155 | D:15     | Entered Level 15 of the Dungeon
 29238 | D:15     | Reached XP level 16. HP: 36/139 MP: 30/30
 29583 | D:15     | Noticed Rupert
 29597 | D:15     | Killed Rupert
 29601 | D:15     | Reached skill level 10 in Ice Magic
 29660 | D:15     | Found a snail-covered altar of Cheibriados.
 29727 | D:15     | Found a staircase to the Depths.
 30476 | Shoals:1 | Entered Level 1 of the Shoals
 31606 | Shoals:1 | Learned a level 2 spell: Ensorcelled Hibernation
 31742 | Shoals:2 | Noticed a kraken
 32602 | Shoals:2 | Lost mutation: You are robust. (+10% HP) [potion of
                  | mutation]
 32602 | Shoals:2 | Lost mutation: You are partially covered in thin metallic
                  | scales. (AC +2) [potion of mutation]
 32602 | Shoals:2 | Gained mutation: You are frail. (-10% HP) [potion of
                  | mutation]
 32602 | Shoals:2 | Gained mutation: Scrolls take you a little longer to read.
                  | [potion of mutation]
 32602 | Shoals:2 | Gained mutation: Your muscles are strong. (Str +2) [potion
                  | of mutation]
 32603 | Shoals:2 | Lost mutation: You are frail. (-10% HP) [potion of
                  | mutation]
 32603 | Shoals:2 | Lost mutation: Scrolls take you a little longer to read.
                  | [potion of mutation]
 32603 | Shoals:2 | Gained mutation: You are partially covered in yellow
                  | scales. (AC +2) [potion of mutation]
 32603 | Shoals:2 | Gained mutation: Your system is resistant to poisons.
                  | (rPois) [potion of mutation]
 32603 | Shoals:2 | Gained mutation: Your muscles are very strong. (Str +4)
                  | [potion of mutation]
 32790 | Shoals:2 | Reached XP level 17. HP: 98/135 MP: 32/32
 32791 | Shoals:2 | Killed a kraken
 33164 | Shoals:2 | Learned a level 3 spell: Tukima's Dance
 33596 | Shoals:3 | Noticed a titan
 33607 | Shoals:3 | Killed a titan
 33630 | Shoals:3 | Noticed Nikola
 33644 | Shoals:3 | Killed Nikola
 34109 | Shoals:3 | Found a transporter.
 34127 | Shoals:3 | Found a transporter.
 35152 | Shoals:4 | Entered Level 4 of the Shoals
 35555 | Shoals:4 | Found Jafu Kaqi's Gadget Shop.
 35880 | Shoals:4 | Identified the Incunabulum of the Tired Mice
 35933 | Shoals:4 | Identified the +8 demon trident of Wrongful Imprisonment
                  | {flame, rN+}
 35934 | Shoals:4 | Reached skill level 10 in Conjurations
 35934 | Shoals:4 | Reached skill level 10 in Hexes
 35934 | Shoals:4 | Reached skill level 10 in Charms
 35934 | Shoals:4 | Reached skill level 10 in Summonings
 35934 | Shoals:4 | Reached skill level 10 in Necromancy
 35934 | Shoals:4 | Reached skill level 10 in Translocations
 35934 | Shoals:4 | Reached skill level 10 in Transmutations
 35934 | Shoals:4 | Reached skill level 10 in Fire Magic
 35934 | Shoals:4 | Reached skill level 10 in Air Magic
 35934 | Shoals:4 | Reached skill level 10 in Earth Magic
 35934 | Shoals:4 | Reached skill level 10 in Poison Magic
 36004 | Shoals:4 | Reached XP level 18. HP: 62/143 MP: 33/33
 36312 | Shoals:4 | Found a runed door.
 36364 | Shoals:4 | Learned a level 1 spell: Summon Butterflies
 36679 | Shoals:4 | Got a barnacled rune of Zot
 36831 | Shoals:4 | Found the +8 lance "Wyrmbane" {slay drac, rPois rF+ rC+
                  | AC+3}
 36852 | Shoals:4 | Got a bloodstained great mace
 36861 | Shoals:4 | Identified the +8 great mace of the Reaper {flame, *Rage
                  | rF+++ rN+ Int+2} (You found it on level 4 of the Shoals)
 37205 | Vaults:1 | Entered Level 1 of the Vaults
 37437 | Depths:1 | Entered Level 1 of the Depths
 37726 | D:15     | HP: 2/143 [iron troll (11)]
 38929 | Vaults:1 | Lost mutation: Your muscles are very strong. (Str +4)
                  | [potion of mutation]
 38929 | Vaults:1 | Lost mutation: Your muscles are strong. (Str +2) [potion of
                  | mutation]
 38929 | Vaults:1 | Lost mutation: Your system is resistant to poisons. (rPois)
                  | [potion of mutation]
 38929 | Vaults:1 | Gained mutation: You are frail. (-10% HP) [potion of
                  | mutation]
 38929 | Vaults:1 | Gained mutation: You are occasionally teleported next to
                  | monsters. [potion of mutation]
 38929 | Vaults:1 | Gained mutation: You are dopey. (Int -2) [potion of
                  | mutation]
 38929 | Vaults:1 | Gained mutation: You are covered in fur. (AC +1) [potion of
                  | mutation]
 38930 | Vaults:1 | Lost mutation: You are frail. (-10% HP) [potion of
                  | mutation]
 38930 | Vaults:1 | Lost mutation: Your movements are slightly less encumbered
                  | by armour. (ER -2) [potion of mutation]
 38930 | Vaults:1 | Lost mutation: You are partially covered in yellow scales.
                  | (AC +2) [potion of mutation]
 38930 | Vaults:1 | Gained mutation: You are frail. (-10% HP) [potion of
                  | mutation]
 38930 | Vaults:1 | Gained mutation: You have large cloven feet. [potion of
                  | mutation]
 38930 | Vaults:1 | Gained mutation: You possess an exceptional clarity of
                  | mind. [potion of mutation]
 38930 | Vaults:1 | Gained mutation: You are resistant to electric shocks.
                  | (rElec) [potion of mutation]
 39183 | Vaults:1 | Noticed a Brimstone Fiend
 39274 | Vaults:1 | Found Ajekiovvao's Assorted Antiques.
 39322 | Vaults:1 | Bought a potion of might for 168 gold pieces
 40343 | Vaults:2 | Reached XP level 19. HP: 132/135 MP: 35/35
 40822 | Vaults:2 | Found Fafig's Food Shop.
 40827 | Vaults:2 | Got a pitted falchion
 40828 | Vaults:2 | Identified the +6 falchion "Eliutib" {slice, MP+9} (You
                  | found it on level 2 of the Vaults)
 40846 | Vaults:2 | Noticed a tentacled monstrosity
 40868 | Vaults:2 | Killed a tentacled monstrosity
 41415 | Vaults:2 | Got an ancient arbalest
 41421 | Vaults:2 | Identified the +8 arbalest of Valuable Assets {penet,
                  | +Blink Str+2 Dex-2} (You found it on level 2 of the Vaults)
 42436 | Vaults:3 | Found a staircase to the Crypt.
 42928 | Vaults:3 | Paralysed by a great orb of eyes for 4 turns
 43473 | Vaults:2 | Learned a level 3 spell: Static Discharge
 43478 | Vaults:2 | Learned a level 4 spell: Airstrike
 45366 | Vaults:4 | Reached XP level 20. HP: 133/143 MP: 36/36
 45517 | Vaults:4 | Got a scorched steel ring
 45519 | Vaults:4 | Identified the ring "Wefres" {Str+3 Slay+3} (You found it
                  | on level 4 of the Vaults)
 47185 | Snake:1  | Entered Level 1 of the Snake Pit
 48166 | Snake:2  | Got an encrusted scale mail
 48177 | Snake:2  | Identified the cursed +1 scale mail of the Hunter {+Fly
                  | rPois rF++ Dex-3} (You found it on level 2 of the Snake
                  | Pit)
 48316 | Snake:2  | Noticed Vashnia
 48344 | Snake:2  | Killed Vashnia
 48631 | Snake:3  | Noticed Agnes
 48643 | Snake:3  | Killed Agnes
 48860 | Snake:3  | Noticed Asterion
 48869 | Snake:3  | Killed Asterion
 49606 | Snake:4  | Entered Level 4 of the Snake Pit
 49899 | Snake:4  | Reached XP level 21. HP: 149/149 MP: 38/38
 50417 | Snake:4  | Identified the ring of Morality {rElec rPois}
 51104 | Snake:4  | Got a serpentine rune of Zot
 51278 | Snake:4  | Found Vumoimn's Gadget Shoppe.
 51279 | Snake:4  | Found Rawnatusk's Jewellery Shop.
 51279 | Snake:4  | Found Yxzadd's Jewellery Shop.
 51623 | Lair:6   | Reached skill level 15 in Fighting
 51623 | Lair:6   | Reached skill level 15 in Armour
 51623 | Lair:6   | Reached skill level 15 in Shields
 51665 | Lair:6   | Learned a level 5 spell: Bolt of Magma
 51666 | Slime:1  | Entered Level 1 of the Pits of Slime
 52494 | Slime:2  | Reached skill level 15 in Invocations
 52507 | Slime:2  | Gained mutation: Your flesh is cold resistant. (rC+) [a
                  | shining eye]
 52598 | Slime:2  | Gained mutation: Your body sometimes deteriorates upon
                  | taking damage. [a shining eye]
 53392 | Slime:2  | Reached skill level 15 in Ice Magic
 53964 | Slime:3  | Gained mutation: Your magical capacity is low. (-10% MP) [a
                  | shining eye]
 54068 | Slime:3  | Gained mutation: You are very dopey. (Int -4) [a shining
                  | eye]
 54077 | Slime:3  | Gained mutation: Your spells are a little easier to cast,
                  | but a little less powerful. [a shining eye]
 54200 | Slime:3  | Reached XP level 22. HP: 149/157 MP: 36/36
 55568 | Slime:5  | Entered Level 5 of the Pits of Slime
 56344 | Slime:5  | Noticed the Royal Jelly
 56597 | Slime:5  | Killed the Royal Jelly
 56597 | Slime:5  | Reached skill level 15 in Long Blades
 56904 | Slime:5  | Paralysed by a floating eye for 3 turns
 57901 | Slime:5  | Got a slimy rune of Zot
 57921 | Slime:5  | Identified Sif Muna's Compendium of Toxins and Conjuration
 57929 | Slime:5  | Learned a level 5 spell: Fireball
 57936 | Slime:5  | Learned a level 6 spell: Freezing Cloud
 58003 | Slime:5  | Got a shimmering hat
 58009 | Slime:5  | Identified the +3 hat "Wiptom" {Dex+5} (You found it on
                  | level 5 of the Pits of Slime)
 59578 | Slime:5  | Identified the cursed +1 shadow dragon scales of Starshine
                  | {rF+ Stlth++++} (You found it on level 5 of the Pits of
                  | Slime)
 60099 | D:15     | Paralysed by a great orb of eyes for 5 turns
 60494 | Depths:1 | Identified the +10 quarterstaff "Ivaby" {distort, -Tele
                  | rElec Dex+3}
 60552 | Depths:1 | Paralysed by a vampire knight for 4 turns
 60580 | Depths:1 | HP: 5/159 [revenant/ghostly fireball (26)]
 60582 | Depths:1 | Killed from afar by a revenant

Vault maps used:
D:1:      dpeg_arrival_signposts, minmay_misc_feat_nine_boxes
D:2:      dk_yredelemnul_ordeal
D:3:      nicolae_overflow_hidden_temple, gammafunk_ghost_icy,
          kennysheep_small_spiral
D:4:      lemuel_doored_altar, kennysheep_mini_moat,
          chequers_temple_overflow_statue_of_worship, minmay_temple_entry_mist,
          serial_shops, shop, hellmonk_ghost_happy_afterlife, first_ration,
          kennysheep_dice, uniq_menkaure, uniq_pikel, uniq_edmund
D:5:      lemuel_castle_with_subvaults, serial_shops, shop, st_stairs_8
D:6:      kennysheep_little_box
D:7:      lemuel_crystal_altar, serial_shops, nicolae_shop_trees, the_bakery
D:8:      erik_lair_orcish_takeover
D:9:      uniq_erolcha
D:10:     david_orc_3
D:11:     uniq_harold
D:13:     minmay_the_grid_four_pointed_star_mashed, ximxim_vaults_locker_room
D:14:     chequers_serial_rivers_micro_d, serial_shops, shop,
          nicolae_shop_overgrown_old_shop, shop, shop, shop, guppyfry_shop_earth
D:15:     hangedman_depths_entry_civil_slaughter, basic_altar,
          minmay_misc_feat_roman, uniq_rupert
Temple:   regret_index_temple_waves
Lair:2:   wander_river, elwin_shoals_entry_rocks,
          minmay_snake_entry_guardpost_large, basic_altar,
          minmay_lair_oklob_chamber, lemuel_fruit_tree, serial_bayou_shore_b
Lair:3:   portal_ice_cave_entry_ice_beasts, minivault_25,
          infiniplex_staircase_pool, grunt_megastairs_3, lemuel_fruit_fields,
          lemuel_fruit_fields, uniq_snorg
Lair:4:   uniq_kirke
Lair:5:   grunt_megastairs_5
Lair:6:   due_jungle_book, minmay_slime_entry_oklob_open,
          chequers_serial_rivers_micro_d
Shoals:2: argonaut_gorgonesque
Shoals:3: gammafunk_the_bubble, st_sunken_temple, uniq_nikola
Shoals:4: shoals_end_simple, serial_shops, shop, lightli_airlock
Snake:1:  st_stairs_2, serial_bayou_shore_b
Snake:2:  st_stairs_3, nicolae_snake_linked_coils, uniq_vashnia
Snake:3:  uniq_agnes, uniq_asterion
Snake:4:  snake_pit, serial_bayou_pond_e, minmay_shop_grove
Slime:1:  nicolae_slime_barrier
Slime:3:  nicolae_slime_jelly_donut
Orc:1:    uniq_maurice, uniq_urug
Orc:2:    grunt_orc_cross, serial_shops, shop, shop, nicolae_shop_waterfront,
          shop, nicolae_orc_lava_room
Vaults:1: hangedman_vaults_stretched_pinwheel, v_misc_17,
          hangedman_vaults_restitches, vaults_mumra_lcd,
          nicolae_vaults_alarming, ontoclasm_vaults_loading_screen,
          serial_shops, nicolae_shop_trees
Vaults:2: hangedman_vaults_trim, hangedman_vaults_pinch, hangedman_vaults_nails,
          nicolae_vaults_three_branches, nicolae_vaults_display_case, v_rooms_2,
          v_misc_29, vaults_room_pools, nicolae_vaults_theta,
          ontoclasm_vaults_ligature, ontoclasm_vaults_ring_large, serial_shops,
          shop
Vaults:3: vaults_standard_mumra_x, v_misc_27, ontoclasm_vaults_eye,
          nicolae_vaults_little_squares_4, nicolae_vaults_asterisk,
          dummy_crypt_entry
Vaults:4: ontoclasm_vaults_ring_large, v_pattern_5,
          nicolae_vaults_windows_and_doors_thing,
          vaults_standard_mumra_enter_the_diamond, hangedman_vaults_river_flow,
          nicolae_vaults_big_ls, vaults_room_semicircle,
          nicolae_vaults_ring_of_whatevers, hangedman_vaults_trim,
          grunt_vaults_hallway_short
Depths:1: hangedman_screamer, hell_entry, minmay_misc_feat_tiny,
          grunt_tower_of_power, serial_bayou_shore_b
IceCv:    ice_cave_small_necro

Skill      XL: |  1  2  3  4  5  6  7  8  9 10 11 12 13 14 15 16 17 18 19 20 21 22 |
---------------+-------------------------------------------------------------------+-----
Short Blades   | 1 2 3 4 5 6 7 8 9 10 11 12 13 14 | 14.6
Axes           | 1 2 3 4 5 6 7 8 9 10 11 12 13 14 | 14.6
Maces & Flails | 1 2 3 4 5 6 7 8 9 10 11 12 13 14 | 14.6
Polearms       | 1 2 3 4 5 6 7 8 9 10 11 12 13 14 | 14.6
Staves         | 1 2 3 4 5 6 7 8 9 10 11 12 13 14 | 14.6
Slings         | 1 2 3 4 5 6 7 8 9 10 11 12 13 14 | 14.6
Bows           | 1 2 3 4 5 6 7 8 9 10 11 12 13 14 | 14.6
Crossbows      | 1 2 3 4 5 6 7 8 9 10 11 12 13 14 | 14.6
Throwing       | 1 2 3 4 5 6 7 8 9 10 11 12 13 14 | 14.6
Dodging        | 1 2 3 4 5 6 7 8 9 10 11 12 13 14 | 14.6
Stealth        | 1 2 3 4 5 6 7 8 9 10 11 12 13 14 | 14.6
Unarmed Combat | 1 2 3 4 5 6 7 8 9 10 11 12 13 14 | 14.6
Spellcasting   | 1 2 3 4 5 6 7 8 9 10 11 12 13 14 | 14.6
Invocations    | 1 2 3 4 5 6 7 8 9 10 11 12 13 14 15 | 15.8
Evocations     | 1 2 3 4 5 6 7 8 9 10 11 12 13 14 | 14.6
Conjurations   | 1 2 3 4 5 6 7 8 9 10 11 12 | 12.6
Hexes          | 1 2 3 4 5 6 7 8 9 10 11 12 | 12.6
Charms         | 1 2 3 4 5 6 7 8 9 10 11 12 | 12.6
Summonings     | 1 2 3 4 5 6 7 8 9 10 11 12 | 12.6
Necromancy     | 1 2 3 4 5 6 7 8 9 10 11 12 | 12.6
Translocations | 1 2 3 4 5 6 7 8 9 10 11 12 | 12.6
Transmutations | 1 2 3 4 5 6 7 8 9 10 11 12 | 12.6
Fire Magic     | 1 2 3 4 5 6 7 8 9 10 11 12 | 12.6
Ice Magic      | 1 2 3 4 5 6 7 8 9 10 11 12 13 14 15 | 15.7
Air Magic      | 1 2 3 4 5 6 7 8 9 10 11 12 | 12.6
Earth Magic    | 1 2 3 4 5 6 7 8 9 10 11 12 | 12.6
Poison Magic   | 1 2 3 4 5 6 7 8 9 10 11 12 | 12.6
Long Blades    | 5 6 7 8 9 10 11 12 13 14 15 | 15.2
Fighting       | 7 8 9 10 11 12 13 14 15 | 15.7
Armour         | 7 8 9 10 11 12 13 14 15 | 15.7
Shields        | 7 8 9 10 11 12 13 14 15 | 15.7

Action                   |  1- 3 |  4- 6 |  7- 9 | 10-12 | 13-15 | 16-18 | 19-21 | 22-24 || total
-------------------------+-------+-------+-------+-------+-------+-------+-------+-------++-------
Melee: Long sword        |    14 |       |       |       |       |       |       |       ||    14
       Bite              |    15 |    34 |   140 |   306 |   166 |   194 |   346 |   154 ||  1355
       Short sword       |   104 |    14 |       |       |       |       |       |       ||   118
       Dagger            |       |   252 |   517 |  1590 |   293 |       |       |       ||  2652
       Falchion          |       |       |   302 |       |       |       |       |       ||   302
       Broad axe         |       |       |       |       |   731 |   621 |       |       ||  1352
       Lance             |       |       |       |       |       |   643 |  2168 |   599 ||  3410
       Kick              |       |       |       |       |       |   106 |   931 |   368 ||  1405
       Punch             |       |       |       |       |       |       |     2 |       ||     2
 Fire: Arbalest          |       |       |       |       |       |       |     6 |       ||     6
 Cast: Bolt of Magma     |       |       |       |       |     1 |       |       |       ||     1
       Apportation       |       |       |       |       |       |     1 |       |       ||     1
Invok: Disaster Area     |       |       |       |     2 |       |     1 |       |     5 ||     8
Evoke: Wand              |       |       |       |    14 |    23 |     9 |       |     2 ||    48
       Lightning rod     |       |       |       |       |     4 |     1 |       |     2 ||     7
       Box of beasts     |       |       |       |       |       |     1 |       |       ||     1
       Sack of spiders   |       |       |       |       |       |       |     4 |       ||     4
       Phantom mirror    |       |       |       |       |       |       |       |     1 ||     1
  Use: Scroll            |     3 |     4 |     6 |     7 |    15 |    10 |     7 |    10 ||    62
       Potion            |       |     3 |     3 |    14 |     2 |    10 |     3 |     7 ||    42
 Stab: Sleeping          |       |       |     1 |       |       |       |       |       ||     1
       Held in net/web   |       |       |       |       |       |     1 |       |       ||     1
  Eat: Chunk             |     2 |     7 |    15 |    29 |    36 |    31 |    21 |     6 ||   147
       Ration            |       |       |       |     2 |     1 |     2 |     7 |     5 ||    17
Armor: Scale mail        |    47 |    82 |   229 |   237 |       |       |       |       ||   595
       Plate armour      |       |       |       |    88 |    13 |       |       |       ||   101
       Chain mail        |       |       |       |     3 |   255 |   210 |   180 |    96 ||   744
       Shadow dragon sca |       |       |       |       |       |       |       |    20 ||    20
Dodge: Dodged            |    31 |    57 |   308 |   416 |   310 |   428 |   365 |   179 ||  2094
       Deflected         |       |       |       |     4 |    12 |    43 |    49 |    28 ||   136
Block: Shield            |    64 |   114 |   490 |  1250 |  1042 |  1245 |  1172 |   461 ||  5838
       Reflection        |       |       |       |       |    17 |   218 |   195 |    45 ||   475
       Other             |       |       |       |       |       |       |     5 |       ||     5
       Rpst.: Long sword |     1 |       |       |       |       |       |       |       ||     1
       Falchion          |       |       |    46 |       |       |       |       |       ||    46

Table legend:
 A = Non-vault XP
 B = Vault XP
 C = Vault XP percentage of total XP
 D = Non-vault monster count
 E = Vault monster count
 F = Vault count percentage of total count
                 A         B        C        D         E       F
            +---------+---------+-------+---------+---------+-------
      Total |  464897 |  236969 |  33.8 |    1237 |     477 |  27.8
            +---------+---------+-------+---------+---------+-------
        D:1 |      25 |       0 |   0.0 |      11 |       0 |   0.0
        D:2 |      60 |      91 |  60.3 |      22 |       2 |   8.3
        D:3 |     199 |       0 |   0.0 |      22 |       0 |   0.0
        D:4 |     559 |     444 |  44.3 |      14 |       4 |  22.2
        D:5 |     676 |     664 |  49.6 |      21 |      51 |  70.8
        D:6 |    1226 |       0 |   0.0 |      21 |       0 |   0.0
        D:7 |    1177 |     215 |  15.4 |      23 |       1 |   4.2
        D:8 |    1314 |     502 |  27.6 |      24 |       5 |  17.2
        D:9 |    4187 |    1436 |  25.5 |      69 |       5 |   6.8
       D:10 |    3843 |    1872 |  32.8 |      38 |       4 |   9.5
       D:11 |    3585 |       0 |   0.0 |      26 |       0 |   0.0
       D:12 |    3995 |       0 |   0.0 |      22 |       0 |   0.0
       D:13 |    4477 |   10649 |  70.4 |      34 |      32 |  48.5
       D:14 |   14912 |    1131 |   7.0 |      47 |       3 |   6.0
       D:15 |   46802 |    8132 |  14.8 |      75 |       7 |   8.5
     Lair:1 |    5554 |       0 |   0.0 |      19 |       0 |   0.0
     Lair:2 |    1755 |    1431 |  44.9 |       9 |       9 |  50.0
     Lair:3 |    2504 |    3013 |  54.6 |      14 |      13 |  48.1
     Lair:4 |    4561 |    3363 |  42.4 |      22 |       7 |  24.1
     Lair:5 |    2524 |    1116 |  30.7 |       7 |       2 |  22.2
     Lair:6 |   28708 |    3245 |  10.2 |      65 |       6 |   8.5
   Shoals:1 |   13242 |       0 |   0.0 |      29 |       0 |   0.0
   Shoals:2 |   23125 |    3438 |  12.9 |      36 |       7 |  16.3
   Shoals:3 |    8570 |   24398 |  74.0 |      16 |      28 |  63.6
   Shoals:4 |   10676 |   22046 |  67.4 |      24 |      39 |  61.9
    Snake:1 |    8097 |    2084 |  20.5 |      17 |       3 |  15.0
    Snake:2 |   10449 |    8997 |  46.3 |      18 |       7 |  28.0
    Snake:3 |    9718 |    4264 |  30.5 |      15 |       2 |  11.8
    Snake:4 |   32224 |   32508 |  50.2 |      54 |      47 |  46.5
    Slime:1 |    5854 |       0 |   0.0 |      18 |       0 |   0.0
    Slime:2 |   32483 |     251 |   0.8 |      66 |       6 |   8.3
    Slime:3 |   17698 |     129 |   0.7 |      31 |       3 |   8.8
    Slime:4 |   17934 |   12290 |  40.7 |      28 |       7 |  20.0
    Slime:5 |   13644 |   17807 |  56.6 |      19 |       6 |  24.0
      Orc:1 |    3428 |    6211 |  64.4 |      43 |      18 |  29.5
      Orc:2 |     599 |    1474 |  71.1 |      16 |      15 |  48.4
   Vaults:1 |   42565 |    3047 |   6.7 |      75 |       3 |   3.8
   Vaults:2 |   22229 |   19270 |  46.4 |      35 |      35 |  50.0
   Vaults:3 |   28596 |    6267 |  18.0 |      44 |       6 |  12.0
   Vaults:4 |   25942 |   20742 |  44.4 |      40 |      29 |  42.0
   Depths:1 |    5181 |    8186 |  61.2 |       8 |      11 |  57.9
      IceCv |       0 |    6256 | 100.0 |       0 |      54 | 100.0
            +---------+---------+-------+---------+---------+-------
